SL
THUNDER BAY NORTHERN LIONS BC @ GRAFTON MIDDIES
08/07/2024
 
TOP OF THE 1ST
Thunder Bay Northern Lions BC batting - Pitching for Grafton Middies : LHP Jeff Hale
Pitching: LHP Jeff Hale
Batting: RHB Keith Fish 0-0: Ball
1-0: Swinging Strike
1-1: Ball
2-1: Fly out, F7 (Flyball, 7M)
Batting: RHB Ed Whitaker 0-0: Called Strike
0-1: Swinging Strike
0-2: Ball
1-2: SINGLE (Groundball, 15) (infield hit)
Batting: LHB David Smith 0-0: Ball
1-0: Foul Ball, location: 2F
1-1: SINGLE (Line Drive, 34)
Ed Whitaker to second
Batting: RHB Robert O'Connor 0-0: Foul Ball, location: 2F
0-1: Foul Ball, location: 2F
0-2: Fly out, F6 (Popup, 5DF)
Batting: SHB Arnold Griffith 0-0: Ground out 4-3 (Groundball, 34)
Top of the 1st over - 0 run(s), 2 hit(s), 0 error(s), 2 left on base; Thunder Bay 0 - Grafton 0
BOTTOM OF THE 1ST
Grafton Middies batting - Pitching for Thunder Bay Northern Lions BC : RHP Júlio Palma
Pitching: RHP Júlio Palma
Batting: RHB Pedro Santos 0-0: Called Strike
0-1: SINGLE (Line Drive, 9LM)
Batting: RHB Scotty Anderson 0-0: Called Strike
0-1: Ball
1-1: Foul Ball, location: 2F
1-2: Foul Ball, location: 2F
1-2: Ball
2-2: Ball
3-2: Grounds into double play, 6-4-3 (Groundball, 6)
Batting: LHB Mario Ramos 0-0: Called Strike
0-1: Swinging Strike
0-2: Foul Ball, location: 2F
0-2: Strikes out swinging
Bottom of the 1st over - 0 run(s), 1 hit(s), 0 error(s), 0 left on base; Thunder Bay 0 - Grafton 0
TOP OF THE 2ND
Thunder Bay Northern Lions BC batting - Pitching for Grafton Middies : LHP Jeff Hale
Batting: SHB Carlos Rodríguez 0-0: Ball
1-0: Ball
2-0: Swinging Strike
2-1: Ball
3-1: Swinging Strike
3-2: Strikes out swinging
Batting: RHB Carlos Padilla 0-0: Called Strike
0-1: Ball
1-1: Called Strike
1-2: Strikes out swinging
Batting: LHB John Brewer 0-0: Foul Ball, location: 2F
0-1: Foul Ball, location: 2F
0-2: Fly out, F4 (Popup, 4M)
Top of the 2nd over - 0 run(s), 0 hit(s), 0 error(s), 0 left on base; Thunder Bay 0 - Grafton 0
BOTTOM OF THE 2ND
Grafton Middies batting - Pitching for Thunder Bay Northern Lions BC : RHP Júlio Palma
Batting: RHB Stefano Gaddi 0-0: Foul Ball, location: 2F
0-1: Called Strike
0-2: Strikes out looking
Batting: RHB Ramón Gómez 0-0: Foul Ball, location: 2F
0-1: Ground out 4-3 (Groundball, 4)
Batting: LHB Ramón Rivera 0-0: Called Strike
0-1: DOUBLE (Line Drive, 9LD)
Batting: RHB Dave Ash 0-0: Ball
1-0: Called Strike
1-1: Ball
2-1: Foul Ball, location: 2F
2-2: Ball
3-2: Base on Balls
Batting: SHB Jack MacAsgill 0-0: Fly out, F8 (Flyball, 8LS)
Bottom of the 2nd over - 0 run(s), 1 hit(s), 0 error(s), 2 left on base; Thunder Bay 0 - Grafton 0
TOP OF THE 3RD
Thunder Bay Northern Lions BC batting - Pitching for Grafton Middies : LHP Jeff Hale
Batting: LHB Michael Greene 0-0: Ball
1-0: Swinging Strike
1-1: Ball
2-1: Fly out, F8 (Flyball, 8LD)
Batting: RHB Keith Fish 0-0: Ball
1-0: Ball
2-0: Ground out 6-3 (Groundball, 6M)
Batting: RHB Ed Whitaker 0-0: Ball
1-0: Fly out, F7 (Flyball, 78S)
Top of the 3rd over - 0 run(s), 0 hit(s), 0 error(s), 0 left on base; Thunder Bay 0 - Grafton 0
BOTTOM OF THE 3RD
Grafton Middies batting - Pitching for Thunder Bay Northern Lions BC : RHP Júlio Palma
Batting: LHB Lawrence Washington 0-0: Ball
1-0: Ball
2-0: Called Strike
2-1: Foul Ball, location: 2F
2-2: Fly out, F7 (Flyball, 7S)
Batting: RHB Pedro Santos 0-0: Called Strike
0-1: Ball
1-1: Ball
2-1: Ball
3-1: Base on Balls
Batting: RHB Scotty Anderson Pickoff Throw to First - Error! E1
Pedro Santos to second
0-0: Called Strike
0-1: Fly out, F7 (Flyball, 7D)
Batting: LHB Mario Ramos 0-0: Fly out, F8 (Flyball, 8RD)
Bottom of the 3rd over - 0 run(s), 0 hit(s), 1 error(s), 1 left on base; Thunder Bay 0 - Grafton 0
TOP OF THE 4TH
Thunder Bay Northern Lions BC batting - Pitching for Grafton Middies : LHP Jeff Hale
Batting: LHB David Smith 0-0: Foul Ball, location: 2F
0-1: Ball
1-1: Ball
2-1: Swinging Strike
2-2: Ball
3-2: Ground out 6-3 (Groundball, 6)
Batting: RHB Robert O'Connor 0-0: Ball
1-0: Ball
2-0: Called Strike
2-1: Foul Ball, location: 2F
2-2: Ball
3-2: Base on Balls
Batting: SHB Arnold Griffith 0-0: Fly out, F6 (Line Drive, 6)
Batting: SHB Carlos Rodríguez 0-0: Foul Ball, location: 2F
0-1: Ball
1-1: Called Strike
1-2: Ball
2-2: Ball
3-2: Foul Ball, location: 2F
3-2: Foul Ball, location: 2F
3-2: Base on Balls
Robert O'Connor to second
Batting: RHB Carlos Padilla 0-0: Swinging Strike
0-1: Ball
1-1: Foul Ball, location: 2F
1-2: Ground out 4-3 (Groundball, 4)
Top of the 4th over - 0 run(s), 0 hit(s), 0 error(s), 2 left on base; Thunder Bay 0 - Grafton 0
BOTTOM OF THE 4TH
Grafton Middies batting - Pitching for Thunder Bay Northern Lions BC : RHP Júlio Palma
Batting: RHB Stefano Gaddi 0-0: Swinging Strike
0-1: Ball
1-1: Ball
2-1: Ball
3-1: Called Strike
3-2: Strikes out looking
Batting: RHB Ramón Gómez 0-0: Ball
1-0: Ball
2-0: Foul Ball, location: 2F
2-1: Fly out, F4 (Popup, 4)
Batting: LHB Ramón Rivera 0-0: Swinging Strike
0-1: Ball
1-1: Called Strike
1-2: Foul Ball, location: 2F
1-2: Foul Ball, location: 2F
1-2: Strikes out looking
Bottom of the 4th over - 0 run(s), 0 hit(s), 0 error(s), 0 left on base; Thunder Bay 0 - Grafton 0
TOP OF THE 5TH
Thunder Bay Northern Lions BC batting - Pitching for Grafton Middies : LHP Jeff Hale
Batting: LHB John Brewer 0-0: Ball
1-0: Reached on error, E4 (Groundball, 4)
Batting: LHB Michael Greene 0-0: Ball
1-0: Sac Bunt - play at first, batter OUT! 1-4
John Brewer to second
Batting: RHB Keith Fish 0-0: Ball
1-0: Foul Ball, location: 2F
1-1: SINGLE (Line Drive, 34)
John Brewer to third
Runner from 3rd tries for Home, SAFE, throw made home
Keith Fish to second
Batting: RHB Ed Whitaker 0-0: Ball
1-0: Called Strike
1-1: Foul Ball, location: 2F
1-2: Strikes out swinging
Batting: LHB David Smith 0-0: Ball
1-0: DOUBLE (Flyball, 89D)
Keith Fish scores
Batting: RHB Robert O'Connor 0-0: Ground out 5-3 (Groundball, 5S)
Top of the 5th over - 2 run(s), 2 hit(s), 1 error(s), 1 left on base; Thunder Bay 2 - Grafton 0
BOTTOM OF THE 5TH
Grafton Middies batting - Pitching for Thunder Bay Northern Lions BC : RHP Júlio Palma
Batting: RHB Dave Ash 0-0: Called Strike
0-1: Ball
1-1: Ball
2-1: TRIPLE (Line Drive, 89M)
Batting: SHB Jack MacAsgill 0-0: Ball
1-0: Ball
2-0: Swinging Strike
2-1: SINGLE (Groundball, 6MD)
Dave Ash scores
Batting: LHB Lawrence Washington 0-0: Ball
1-0: Bunted foul
1-1: Sac Bunt - play at second, runner OUT! 1-6
Batting: RHB Pedro Santos 0-0: Fly out, F9 (Flyball, 9D)
Batting: RHB Scotty Anderson 0-0: Called Strike
0-1: Fly out, F7 (Line Drive, 78S)
Bottom of the 5th over - 1 run(s), 2 hit(s), 0 error(s), 1 left on base; Thunder Bay 2 - Grafton 1
TOP OF THE 6TH
Thunder Bay Northern Lions BC batting - Pitching for Grafton Middies : LHP Jeff Hale
Batting: SHB Arnold Griffith 0-0: Ball
1-0: Fly out, F7 (Line Drive, 7S)
Batting: SHB Carlos Rodríguez 0-0: Swinging Strike
0-1: Foul Ball, location: 2F
0-2: Ball
1-2: Foul Ball, location: 2F
1-2: Ball
2-2: Strikes out swinging
Batting: RHB Carlos Padilla 0-0: Swinging Strike
0-1: Foul Ball, location: 2F
0-2: Foul Ball, location: 2F
0-2: Ball
1-2: Fly out, F8 (Flyball, 8RD)
Top of the 6th over - 0 run(s), 0 hit(s), 0 error(s), 0 left on base; Thunder Bay 2 - Grafton 1
BOTTOM OF THE 6TH
Grafton Middies batting - Pitching for Thunder Bay Northern Lions BC : RHP Júlio Palma
Batting: LHB Mario Ramos 0-0: Ball
1-0: Ball
2-0: Called Strike
2-1: Ball
3-1: Base on Balls
Batting: RHB Stefano Gaddi 0-0: Ball
1-0: Ball
2-0: Called Strike
2-1: Called Strike
2-2: Strikes out looking
Batting: RHB Ramón Gómez 0-0: Swinging Strike
0-1: Foul Ball, location: 2F
0-2: Ball
1-2: Grounds into double play, 6-4-3 (Groundball, 6)
Bottom of the 6th over - 0 run(s), 0 hit(s), 0 error(s), 0 left on base; Thunder Bay 2 - Grafton 1
TOP OF THE 7TH
Thunder Bay Northern Lions BC batting - Pitching for Grafton Middies : LHP Jeff Hale
Batting: LHB John Brewer 0-0: Ball
1-0: Called Strike
1-1: Fly out, F8 (Flyball, 89M)
Batting: LHB Michael Greene 0-0: Called Strike
0-1: Ball
1-1: Foul Ball, location: 2F
1-2: Ball
2-2: Strikes out swinging
Batting: RHB Keith Fish 0-0: Called Strike
0-1: SINGLE (Line Drive, 6MD)
Batting: RHB Ed Whitaker 0-0: Called Strike
0-1: Ball
Keith Fish steals 2nd base
1-1: Swinging Strike
1-2: Foul Ball, location: 2F
1-2: Ball
2-2: Fly out, F8 (Flyball, 8LM)
Top of the 7th over - 0 run(s), 1 hit(s), 0 error(s), 1 left on base; Thunder Bay 2 - Grafton 1
BOTTOM OF THE 7TH
Grafton Middies batting - Pitching for Thunder Bay Northern Lions BC : RHP Júlio Palma
Batting: LHB Ramón Rivera 0-0: Called Strike
0-1: Ground out 6-3 (Groundball, 6)
Batting: RHB Dave Ash 0-0: Fly out, F8 (Flyball, 8RD)
Batting: SHB Jack MacAsgill 0-0: Called Strike
0-1: Fly out, F9 (Flyball, 9S)
Bottom of the 7th over - 0 run(s), 0 hit(s), 0 error(s), 0 left on base; Thunder Bay 2 - Grafton 1
TOP OF THE 8TH
Thunder Bay Northern Lions BC batting - Pitching for Grafton Middies : LHP Jeff Hale
Batting: LHB David Smith 0-0: Ball
1-0: Fly out, F8 (Flyball, 8LD)
Batting: RHB Robert O'Connor 0-0: Called Strike
0-1: Ball
1-1: Ball
2-1: Ball
3-1: Base on Balls
Batting: SHB Arnold Griffith 0-0: Foul Ball, location: 2F
0-1: Fly out, F8 (Flyball, 8RS)
Batting: SHB Carlos Rodríguez 0-0: Ball
1-0: Called Strike
1-1: Ball
2-1: Ball
3-1: Foul Ball, location: 2F
3-2: Base on Balls
Robert O'Connor to second
Batting: RHB Carlos Padilla 0-0: SINGLE (Flyball, 8LS)
Robert O'Connor to third
Carlos Rodríguez to second
Pitching: RHP Domingo Álvarez
Batting: LHB John Brewer 0-0: Ball
1-0: Ball
2-0: Called Strike
2-1: Ball
3-1: Fly out, F5 (Flyball, 5DF)
Top of the 8th over - 0 run(s), 1 hit(s), 0 error(s), 3 left on base; Thunder Bay 2 - Grafton 1
BOTTOM OF THE 8TH
Grafton Middies batting - Pitching for Thunder Bay Northern Lions BC : RHP Júlio Palma
Batting: LHB Lawrence Washington 0-0: Called Strike
0-1: Ball
1-1: Ball
2-1: Swinging Strike
2-2: Ball
3-2: Fly out, F7 (Flyball, 78D)
Batting: RHB Pedro Santos 0-0: Ball
1-0: Called Strike
1-1: Foul Ball, location: 2F
1-2: Foul Ball, location: 2F
1-2: Ball
2-2: Ball
3-2: SINGLE (Flyball, 89S)
Batting: RHB Scotty Anderson 0-0: SINGLE (Groundball, 5D)
Pedro Santos to second
Batting: LHB Mario Ramos 0-0: Ball
1-0: 3-RUN HOME RUN (Flyball, 89XD), Distance : 444 ft
Batting: RHB Stefano Gaddi 0-0: Called Strike
0-1: Ball
1-1: Ball
2-1: Ball
3-1: Foul Ball, location: 2F
3-2: Fly out, F7 (Flyball, 78XD)
Batting: RHB Ramón Gómez 0-0: Ground out 5-3 (Groundball, 5L)
Bottom of the 8th over - 3 run(s), 3 hit(s), 0 error(s), 0 left on base; Thunder Bay 2 - Grafton 4
TOP OF THE 9TH
Thunder Bay Northern Lions BC batting - Pitching for Grafton Middies : RHP Domingo Álvarez
Pitching: RHP Lynwood Matos
Batting: LHB Michael Greene 0-0: Fly out, F8 (Flyball, 8RD)
Batting: RHB Keith Fish 0-0: Ball
1-0: Foul Ball, location: 2F
1-1: Fly out, F5 (Popup, 5DF)
Batting: RHB Ed Whitaker 0-0: Ball
1-0: Called Strike
1-1: Called Strike
1-2: Ground out 6-3 (Groundball, 6M)
Top of the 9th over - 0 run(s), 0 hit(s), 0 error(s), 0 left on base; Thunder Bay 2 - Grafton 4
This league is powered by Out of the Park Baseball, the baseball management simulation game for PC, Mac and Linux
Monday, October 3rd, 2016 - OOTP Baseball 16.9 Build 39